 Dungeon Sprint DCSS version 0.17-a0-1337-ge651487 (webtiles) character file.

22859 Kidiri the Unseen (level 12, -18/51 HPs)
             Began as a Spriggan Enchanter on June 10, 2015.
             Was the Champion of Dithmenos.
             Killed from afar by a fire giant (22 damage)
             ... with a fireball
             ... in the Dungeon (Sprint I: "Red Sonja").
             The game lasted 00:25:50 (3953 turns).

Kidiri the Unseen (Spriggan Enchanter)              Turns: 3953, Time: 00:25:50

Health: -18/51     AC:  6    Str:  4    XL:     12   Next: 66%
Magic:  31/38      EV: 35    Int: 19    God:    Dithmenos [******]
Gold:   2490       SH:  0    Dex: 19    Spells: 5 memorised, 31 levels left

rFire  + . .     SeeInvis +     a - +1 dagger
rCold  . . .     Clarity  .     i - +2 robe {rF+}
rNeg   + . .     SustAt   .     (shield restricted)
rPois  .         Gourm    .     (helmet restricted)
rElec  .         Spirit   .     s - +1 cloak {MR+}
rCorr  .         Warding  +     (gloves unavailable)
rMut   .         NoTele   +     (boots unavailable)
MR     +++..                    u - macabre finger necklace {Ward rN+}
Stlth  ++++++++++               y - ring of magical power
                                t - ring of invisibility
                                (no ring)

@: wreathed by umbra, studying Long Blades, very quick, extremely resistant to
hostile enchantments, uncannily stealthy
A: unfitting armour, see invisible, herbivore 3, speed 3, low mp 1, screaming 1,
slow metabolism 2, MP-powered wands
a: Shadow Step, Shadow Form, Renounce Religion, Evoke Invisibility


You were in the Dungeon.
You worshipped Dithmenos.
Dithmenos was exalted by your worship.
You were full.

You visited 1 branch You collected 3852 gold pieces.
You spent 1362 gold pieces at shops.

Inventory:

Hand weapons
 a - a +1 dagger (weapon)
 m - a +0 blowgun
 n - a +0 short sword of distortion
Missiles
 o - 5 curare-tipped needles
Armour
 b - a +1 robe
 i - a +2 robe of fire resistance (worn)
 s - a +1 cloak of magic resistance (worn)
Jewellery
 t - a ring of invisibility (left hand)
 u - the macabre finger necklace (around neck) {Ward rN+}
   (You bought it in a shop in the Dungeon)

   [amulet of warding]

   It may prevent the melee attacks of summoned creatures.
   It protects you from negative energy.
 y - a ring of magical power (right hand)
Scrolls
 j - a scroll of blinking
 k - 2 scrolls of remove curse
 p - a scroll of vulnerability
 v - a scroll of fear
 x - a scroll of fog {unknown}
 z - a scroll of identify
Potions
 e - 2 potions of curing
 f - a potion of heal wounds
 g - a potion of haste
 h - 2 potions of magic
 l - a potion of flight
 q - 4 potions of might
 r - a potion of agility
Books
 c - a book of Maledictions

   Spells                             Type                      Level
   a - Corona                         Hexes                        1
   b - Ensorcelled Hibernation        Hexes/Ice                    2
   c - Confuse                        Hexes                        3
   d - Tukima's Dance                 Hexes                        3
   e - Dazzling Spray                 Conjuration/Hexes            3
 w - a manual of Long Blades
Comestibles
 d - a bread ration


   Skills:
 * Level 14.7 Short Blades
 * Level 18.5 Dodging
 * Level 20.2 Stealth
 * Level 16.1 Spellcasting
 + Level 7.3 Conjurations
 + Level 12.2 Hexes
 + Level 8.3 Ice Magic
 + Level 8.8 Invocations
 + Level 5.4 Evocations


You had 31 spell levels left.
You knew the following spells:

 Your Spells              Type           Power        Failure   Level  Hunger
a - Corona                Hex            ######.      1%          1    None
b - Ensorcelled Hibernat  Hex/Ice        ######       1%          2    None
c - Confuse               Hex            ######..     1%          3    None
d - Tukima's Dance        Hex            ######..     1%          3    None
e - Dazzling Spray        Conj/Hex       ######..     1%          3    None


Dungeon Overview and Level Annotations

Branches:
Dungeon (1/1)

Altars:
Cheibriados
Dithmenos
Elyvilon
Fedhas
Gozag
Kikubaaqudgha
Makhleb
Nemelex Xobeh
Okawaru
Qazlal
Ru
Sif Muna
Trog
Vehumet
Xom
Yredelemnul
Zin
The Shining One
Jiyva

Shops:
D (*(?[[:(?[[%*(?(}[=[*%

Annotations:
D Norris


Innate Abilities, Weirdness & Mutations

You are tiny and cannot use many weapons and most armour.
You have supernaturally acute eyesight.
You are a herbivore.
You cover ground extremely quickly.
You need consume almost no food.
Your magical capacity is low (-10% MP).
You occasionally shout uncontrollably at your foes.
You expend magic power (3 MP) to strengthen your wands.


Message History

You stick the fire giant like a pincushion!!!!!
You kill the fire giant!
Dithmenos accepts your kill.
Dithmenos appreciates your extinguishing a source of fire.
Your Spellcasting skill increases to level 16!
Casting: Ensorcelled Hibernation
Confirm with . or Enter, or press ? or * to list all spells.
Aiming: Ensorcelled Hibernation
Press: ? - help, Shift-Dir - straight line, f - fire giant
Aim: a fire giant, wielding a great sword of flaming (umbra, chance to defeat MR: 22%)
The fire giant resists with almost no effort.
Your shadow mimicks your spell!
The fire giant resists with almost no effort.
The fire giant points at you and mumbles some strange words.
The bolt of fire hits the fire giant.
The fire giant resists.
The bolt of fire hits you! You resist.
* * * LOW HITPOINT WARNING * * *
The fire giant gestures at you while chanting.
The fireball explodes!
The fireball engulfs you! You resist.
You die...

#^.§^.+.....##.#A#$#,,≈,,#.####+#
###§§§#^....#..###$#,,≈,##+#.§§.#
'.#.§§###++##.##..$#,,≈##.^...§§§
#.#§§###..###..#+###,,≈#....§.§§§
#§#..####..###...#,≈,,##^..§..§.§
#.##+#..#..#.###.#,≈,,#....§.§..§
#.##)#.........#.#**,,#...§.§§...
§§####.§....§..#.#,+,,##......^..
#§#..+......####@#,**+*#.........
#§#####...###CC).#,*≈≈≈##........
§.#,,,#####...####,*≈≈≈≈##...%.[#
###,,,,§§...###,,,,*≈≈≈≈≈########
*,,,,,,C#####,,,,****≈≈≈≈*≈≈≈≈≈*,
*,,,,,C**,,,,,,,,*,,*+≈≈≈'≈≈,≈≈',
*,,,,,**,,,,,,,,,*,,,**≈≈*≈≈≈≈≈*≈
*,,,,,*,,,,,,,,,,*,,,,******'****
***********,,,,,,*,,,,*≈≈≈≈≈≈≈≈≈≈


You could see 2 fire giants.

Vanquished Creatures
  A golden dragon (D)
  A shadow dragon (D)
  A fire giant (D)
  A lorocyproca (D)
  A hydra (D)
  2 centaur warriors (D)
  Sonja (D)
  7 unseen horrors (D)
  A deep troll (D)
  A lindwurm (D)
  8 shining eyes (D)
  An oklob plant (D)
  A gargoyle (D)
  4 demonic crawlers (D)
  2 kobold demonologists (D)
  A slime creature (D)
  Sigmund (D)
  4 trapdoor spiders (D)
  A yak (D)
  13 hogs (D)
  A wasp (D)
  7 necrophages (D)
  An ogre (D)
  8 jellies (D)
  Ijyb (D)
  7 giant eyeballs (D)
  2 ballistomycetes (D)
80 creatures vanquished.

Vanquished Creatures (others)
  A gargoyle (D)
  2 giant spores (D)
3 creatures vanquished.

Grand Total: 83 creatures vanquished

Notes
Turn   | Place    | Note
--------------------------------------------------------------
     0 | D        | Kidiri the Spriggan Enchanter began the quest for the Orb.
     0 | D        | Reached XP level 1. HP: 9/9 MP: 5/5
     2 | D        | Noticed Ijyb
    15 | D        | Killed Ijyb
    15 | D        | Reached skill level 6 in Stealth
    15 | D        | Reached XP level 2. HP: 13/13 MP: 5/8
    23 | D        | Learned a level 2 spell: Ensorcelled Hibernation
    83 | D        | Noticed an ogre
    86 | D        | Killed an ogre
    86 | D        | Reached skill level 7 in Stealth
    86 | D        | Reached skill level 5 in Spellcasting
    86 | D        | Reached skill level 5 in Hexes
    86 | D        | Reached skill level 1 in Ice Magic
    86 | D        | Reached XP level 3. HP: 16/16 MP: 7/11
    86 | D        | Reached XP level 4. HP: 21/21 MP: 7/12
   131 | D        | Learned a level 3 spell: Confuse
   135 | D        | Learned a level 3 spell: Tukima's Dance
   139 | D        | Learned a level 3 spell: Dazzling Spray
   141 | D        | Noticed Sigmund
   144 | D        | Killed Sigmund
   144 | D        | Reached skill level 5 in Short Blades
   144 | D        | Reached skill level 8 in Dodging
   144 | D        | Reached skill level 9 in Stealth
   144 | D        | Reached skill level 1 in Conjurations
   144 | D        | Reached XP level 5. HP: 24/24 MP: 12/15
   158 | D        | Found a snail-covered altar of Cheibriados.
   158 | D        | Found a viscous altar of Jiyva.
   158 | D        | Found a shadowy altar of Dithmenos.
   158 | D        | Found a blossoming altar of Fedhas.
   158 | D        | Noticed a slime creature
   163 | D        | Killed a slime creature
   163 | D        | Reached skill level 10 in Stealth
   163 | D        | Reached XP level 6. HP: 28/28 MP: 13/18
   165 | D        | Became a worshipper of Dithmenos the Shadowed
   184 | D        | Found a deep blue altar of Sif Muna.
   184 | D        | Noticed a jelly
   186 | D        | Found a radiant altar of Vehumet.
   190 | D        | Killed a jelly
   190 | D        | Reached skill level 11 in Stealth
   225 | D        | Found Qiatoup's Magic Scroll Emporium.
   225 | D        | Found a white marble altar of Elyvilon.
   225 | D        | Found a stormy altar of Qazlal.
   225 | D        | Found a burning altar of Makhleb.
   225 | D        | Found a sacrificial altar of Ru.
   225 | D        | Found a basalt altar of Yredelemnul.
   225 | D        | Found a glowing golden altar of the Shining One.
   225 | D        | Found a sparkling altar of Nemelex Xobeh.
   225 | D        | Found a shimmering altar of Xom.
   225 | D        | Found an opulent altar of Gozag.
   225 | D        | Found an ancient bone altar of Kikubaaqudgha.
   225 | D        | Found a glowing silver altar of Zin.
   225 | D        | Noticed a yak
   226 | D        | Found an iron altar of Okawaru.
   227 | D        | Killed a yak
   227 | D        | Reached skill level 10 in Dodging
   227 | D        | Reached XP level 7. HP: 32/32 MP: 20/20
   228 | D        | Found a bloodstained altar of Trog.
   232 | D        | Bought a scroll of identify for 22 gold pieces
   232 | D        | Bought a scroll of identify for 22 gold pieces
   232 | D        | Bought a scroll of remove curse for 33 gold pieces
   232 | D        | Bought a scroll of magic mapping for 38 gold pieces
   232 | D        | Bought a scroll of identify for 22 gold pieces
   232 | D        | Bought a scroll of identify for 22 gold pieces
   240 | D        | Noticed Sonja
   244 | D        | Killed Sonja
   244 | D        | Reached skill level 12 in Stealth
   244 | D        | Reached XP level 8. HP: 36/36 MP: 20/22
   262 | D        | Found Asynow's Antique Weapon Boutique.
   282 | D        | Noticed a deep troll
   295 | D        | Killed a deep troll
   295 | D        | Reached skill level 13 in Stealth
   295 | D        | Reached skill level 10 in Spellcasting
   310 | D        | Found Orubrast's Armour Emporium.
   442 | D        | Killed a gargoyle
   496 | D        | Noticed a centaur warrior
   496 | D        | Noticed a centaur warrior
   499 | D        | Killed a centaur warrior
   499 | D        | Reached skill level 14 in Stealth
   499 | D        | Reached XP level 9. HP: 39/39 MP: 23/25
   501 | D        | Killed a centaur warrior
   501 | D        | Acquired Dithmenos's first power
   501 | D        | Reached skill level 10 in Short Blades
   501 | D        | Reached skill level 5 in Ice Magic
   511 | D        | Noticed a wasp
   514 | D        | Killed a wasp
   626 | D        | Noticed an oklob plant
   798 | D        | Noticed a kobold demonologist
   799 | D        | Noticed a kobold demonologist
   801 | D        | Killed a kobold demonologist
   804 | D        | Killed a kobold demonologist
   804 | D        | Reached skill level 15 in Stealth
   814 | D        | Noticed a demonic crawler
   814 | D        | Noticed a demonic crawler
   814 | D        | Noticed a demonic crawler
   814 | D        | Noticed a demonic crawler
   816 | D        | Killed a demonic crawler
   816 | D        | Acquired Dithmenos's second power
   817 | D        | Killed a demonic crawler
   817 | D        | Reached skill level 5 in Invocations
   817 | D        | Reached XP level 10. HP: 44/44 MP: 25/27
   819 | D        | Killed a demonic crawler
   820 | D        | Killed a demonic crawler
   820 | D        | Acquired Dithmenos's third power
   844 | D        | Noticed a lindwurm
   848 | D        | Killed a lindwurm
   848 | D        | Reached skill level 5 in Conjurations
   856 | D        | Noticed a hog
   856 | D        | Noticed a hog
   856 | D        | Noticed a hog
   856 | D        | Noticed a hog
   856 | D        | Noticed a hog
   858 | D        | Noticed a hog
   860 | D        | Noticed a hog
   863 | D        | Killed a hog
   864 | D        | Noticed a hog
   864 | D        | Noticed a hog
   868 | D        | Noticed a hog
   868 | D        | Noticed a hog
   868 | D        | Noticed a hog
   868 | D        | Killed a hog
   870 | D        | Killed a hog
   870 | D        | Reached skill level 16 in Stealth
   872 | D        | Killed a hog
   872 | D        | Acquired Dithmenos's fourth power
   874 | D        | Killed a hog
   876 | D        | Noticed a hog
   878 | D        | Killed a hog
   880 | D        | Killed a hog
   880 | D        | Reached skill level 10 in Hexes
   881 | D        | Killed a hog
   883 | D        | Killed a hog
   884 | D        | Killed a hog
   885 | D        | Killed a hog
   885 | D        | Reached skill level 15 in Dodging
   886 | D        | Killed a hog
   888 | D        | Killed a hog
   951 | D        | Noticed a 12-headed hydra
   953 | D        | Killed a 12-headed hydra
  1473 | D        | Noticed a shining eye
  1473 | D        | Noticed a shining eye
  1473 | D        | Noticed a shining eye
  1473 | D        | Noticed a shining eye
  1473 | D        | Noticed a shining eye
  1473 | D        | Noticed a shining eye
  1474 | D        | Noticed a shining eye
  1474 | D        | Noticed a shining eye
  1475 | D        | Killed a shining eye
  1475 | D        | Reached skill level 17 in Stealth
  1475 | D        | Reached XP level 11. HP: 47/47 MP: 24/29
  1476 | D        | Killed a shining eye
  1478 | D        | Killed a shining eye
  1479 | D        | Killed a shining eye
  1480 | D        | Gained mutation: You expend magic power (3 MP) to strengthen your wands. [a shining eye]
  1481 | D        | Killed a shining eye
  1484 | D        | Paralysed by a giant eyeball for 4 turns
  1493 | D        | Paralysed by a giant eyeball for 2 turns
  1495 | D        | Gained mutation: Your magical capacity is low (-10% MP). [a shining eye]
  1501 | D        | Killed a shining eye
  1569 | D        | Paralysed by a giant eyeball for 3 turns
  1586 | D        | Gained mutation: You occasionally shout uncontrollably at your foes. [a shining eye]
  1605 | D        | Killed a shining eye
  1612 | D        | Killed a shining eye
  1621 | D        | Found Ohurchui's Assorted Antiques.
  1621 | D        | Found Yshroj's Armour Shop.
  1621 | D        | Found Pashrukuo's Antique Weapon Emporium.
  1621 | D        | Found Zibbitef's Armour Boutique.
  1636 | D        | Bought a +0 cloak for 49 gold pieces
  1638 | D        | Bought a +1 cloak of magic resistance for 231 gold pieces
  2225 | D        | Killed an oklob plant
  2243 | D        | Noticed a trapdoor spider
  2245 | D        | Noticed a trapdoor spider
  2250 | D        | Killed a trapdoor spider
  2439 | D        | Noticed a trapdoor spider
  2441 | D        | Killed a trapdoor spider
  2453 | D        | Killed a trapdoor spider
  2453 | D        | Reached skill level 18 in Stealth
  2463 | D        | Noticed a trapdoor spider
  2465 | D        | Killed a trapdoor spider
  2500 | D        | Noticed an unseen horror
  2500 | D        | Noticed an unseen horror
  2506 | D        | Killed an unseen horror
  2508 | D        | Killed an unseen horror
  2511 | D        | Noticed a jelly
  2511 | D        | Noticed a jelly
  2511 | D        | Noticed a jelly
  2511 | D        | Noticed a jelly
  2511 | D        | Noticed a jelly
  2511 | D        | Noticed a jelly
  2511 | D        | Noticed a jelly
  2512 | D        | Noticed a necrophage
  2512 | D        | Noticed a necrophage
  2513 | D        | Noticed a necrophage
  2523 | D        | Killed a jelly
  2525 | D        | Killed a jelly
  2527 | D        | Killed a jelly
  2529 | D        | Killed a jelly
  2532 | D        | Killed a jelly
  2534 | D        | Killed a jelly
  2536 | D        | Killed a necrophage
  2543 | D        | Killed a necrophage
  2550 | D        | Paralysed by a giant eyeball for 3 turns
  2583 | D        | Killed a jelly
  2589 | D        | Killed a necrophage
  2687 | D        | Noticed a necrophage
  2687 | D        | Noticed a necrophage
  2687 | D        | Noticed a necrophage
  2687 | D        | Noticed a necrophage
  2705 | D        | Killed a necrophage
  2714 | D        | Killed a necrophage
  2717 | D        | Killed a necrophage
  2726 | D        | Killed a necrophage
  2765 | D        | Found Wihamaimiab's Weapon Shoppe.
  2765 | D        | Found Woyxuhut's Book Shop.
  2765 | D        | Found Unni's Magic Scroll Boutique.
  2767 | D        | Found Xireylac's Armour Emporium.
  2767 | D        | Found Niyhups's Armour Shop.
  2767 | D        | Found Fokkoavoc's Food Shoppe.
  2767 | D        | Found Tyimadd's General Store.
  2767 | D        | Found Qarphaw's Weapon Emporium.
  2767 | D        | Found Sauth's Magic Scroll Shop.
  2767 | D        | Found Imuqump's Antique Weapon Shoppe.
  2772 | D        | Found Qyennu Siex's Gadget Boutique.
  2773 | D        | Bought a +2 robe of fire resistance for 247 gold pieces
  2783 | D        | Found Baolapofiu's Jewellery Emporium.
  2783 | D        | Found Gecoy's Armour Boutique.
  2784 | D        | Found Viruykuo's General Store.
  2791 | D        | Bought an uncursed ring of invisibility for 390 gold pieces
  2791 | D        | Bought the macabre finger necklace {Ward rN+} for 286 gold pieces
  2941 | D        | Noticed a shadow dragon
  2942 | D        | Noticed a golden dragon
  2943 | D        | Killed a golden dragon
  2943 | D        | Reached skill level 19 in Stealth
  2943 | D        | Reached skill level 15 in Spellcasting
  2943 | D        | Reached XP level 12. HP: 51/51 MP: 23/29
  2944 | D        | Killed a shadow dragon
  3046 | D        | Found Egotyal's Food Shoppe.
  3122 | D        | Noticed a gargoyle
  3124 | D        | Killed a gargoyle
  3253 | D        | Noticed Norris
  3253 | D        | Noticed a lorocyproca
  3283 | D        | Killed a lorocyproca
  3765 | D        | Noticed a daeva
  3768 | D        | Noticed an unseen horror
  3768 | D        | Noticed an unseen horror
  3768 | D        | Noticed an unseen horror
  3769 | D        | Noticed an unseen horror
  3775 | D        | Killed an unseen horror
  3777 | D        | Killed an unseen horror
  3877 | D        | Noticed an unseen horror
  3880 | D        | Killed an unseen horror
  3882 | D        | Killed an unseen horror
  3884 | D        | Killed an unseen horror
  3884 | D        | Reached skill level 20 in Stealth
  3884 | D        | Reached skill level 5 in Evocations
  3935 | D        | Noticed a fire giant
  3936 | D        | Noticed a fire giant
  3936 | D        | Noticed a fire giant
  3936 | D        | Noticed a fire giant
  3952 | D        | Killed a fire giant
  3953 | D        | Killed from afar by a fire giant

Vault maps used:
D:        dungeon_sprint_1

Action                   |  1- 3 |  4- 6 |  7- 9 | 10-12 || total
-------------------------+-------+-------+-------+-------++-------
Melee: Dagger            |     9 |     5 |    10 |   169 ||   193
 Fire: Blowgun           |       |       |       |     1 ||     1
 Cast: Corona            |     1 |       |       |     1 ||     2
       Ensorcelled Hiber |     1 |     2 |     6 |    28 ||    37
       Confuse           |       |       |       |    13 ||    13
       Dazzling Spray    |       |       |       |     1 ||     1
Invok: Shadow Step       |       |       |       |     9 ||     9
 Abil: Evoke Invisibilit |       |       |       |     3 ||     3
  Use: Potion            |     1 |       |       |     3 ||     4
       Scroll            |       |       |     1 |     5 ||     6
 Stab: Sleeping          |     1 |     4 |    10 |    47 ||    62
       Confused          |       |       |       |    13 ||    13
       Invisible         |       |       |       |     1 ||     1
  Eat: Royal jelly       |       |       |       |     1 ||     1
       Bread ration      |       |       |       |     1 ||     1
